 Dungeon Crawl Stone Soup version 0.32-a0-290-g598725c5f2 (webtiles) character file.

Game seed: 16469032935518764439

77 Sobieck the Trooper (level 4, -2/31 HPs)
             Began as an Octopode Fighter on Feb 13, 2024.
             Slain by a gnoll
             ... wielding a +0 whip
              (9 damage)
             ... on level 2 of the Dungeon.
             The game lasted 00:02:17 (946 turns).

Sobieck the Trooper (Octopode Fighter)               Turns: 946, Time: 00:02:18

Health: -2/31      AC:  1    Str: 17    XL:     4   Next: 34%
Magic:  4/4        EV: 13    Int: 10    God:
Gold:   100        SH:  4    Dex: 11    Spells: 3/3 levels left

rFire   . .          .
                       - Unarmed
rCold   . . .        a - +0 buckler
rNeg    . . .        (helmet restricted)
rPois   .            (no amulet)
rElec   .            (no ring)
rCorr   .            (no ring)
SInv    .            (no ring)
Will    .....        (no ring)
Stlth   +++          (no ring)
HPRegen 0.25/turn    (no ring)
MPRegen 0.09/turn    (no ring)
                     (no ring)

%: no passive effects
@: no status effects
A: almost no armour, amphibious, 8 rings, camouflage 1, gelatinous body 1,
(nimble swimmer 1), tentacles
a: no special abilities


You were on level 2 of the Dungeon.
You visited 1 branch of the dungeon, and saw 2 of its levels.

You collected 100 gold pieces.

Inventory:

Hand Weapons
 b - a +0 sling
Missiles
 f - a stone
Armour
 a - a +0 buckler (worn)
Scrolls
 d - 2 scrolls of identify {unknown}
Potions
 c - a potion of might
 e - 2 potions of attraction {unknown}


   Skills:
 + Level 3.4 Fighting
 + Level 3.4 Dodging
 + Level 2.0 Stealth
 + Level 3.3 Shields
 * Level 3.0 Unarmed Combat


You had 3 spell levels left.
You didn't know any spells.
Your spell library was empty.

Dungeon Overview and Level Annotations

Branches:
Dungeon (2/15)

Altars:


Innate Abilities, Weirdness & Mutations

You cannot wear most types of armour.
You are amphibious.
You can wear up to eight rings at the same time.
Your skin changes colour to match your surroundings (Stealth+).
Your rubbery body absorbs attacks. (AC +1, EV +1)
((You are camouflaged when in or above water. (Stealth+)))
You have tentacles for arms and can constrict up to eight enemies at once.


Message History

A goblin comes into view. It is wielding a +0 dagger.
You see here a +0 club.
Unknown command.
Unknown command.
You shoot a sling bullet. The sling bullet hits the hobgoblin.
The hobgoblin is almost dead.
You shoot a sling bullet.
The sling bullet hits the hobgoblin but does no damage.
The hobgoblin is almost dead.
You are now empty-tentacled.
The hobgoblin closely misses you.
You tentacle-slap the hobgoblin.
You kill the hobgoblin!
Your Unarmed Combat skill increases to level 3!
You tentacle-slap the goblin.
You kill the goblin!
Found 4 poisoned darts.
The gnoll throws a stone.
The stone misses you.
The stone closely misses the goblin.
The goblin hits you with a +0 dagger.
You tentacle-slap the goblin.
You kill the goblin!
The gnoll throws a stone.
The stone hits you.
The gnoll throws a stone.
The stone hits you.
* * * LOW HITPOINT WARNING * * *
You see here a +0 club.
The gnoll throws a stone.
The stone hits you.
* * * LOW HITPOINT WARNING * * *
Things that are here:
9 gold pieces; a +0 club; a hobgoblin corpse The gnoll hits you with a +0 whip.
* * * LOW HITPOINT WARNING * * *
You are too injured to fight recklessly!
You are too injured to fight recklessly!
You are too injured to fight recklessly!
You are too injured to fight recklessly!
You tentacle-slap the gnoll but do no damage.
Your grab misses the gnoll. The gnoll hits you with a +0 whip.
* * * LOW HITPOINT WARNING * * *
You tentacle-slap the gnoll but do no damage.
Your grab misses the gnoll. You block the gnoll's attack.
The gnoll shouts!
You tentacle-slap the gnoll. Your grab misses the gnoll.
The gnoll is lightly wounded.
The gnoll hits you with a +0 whip!
* * * LOW HITPOINT WARNING * * *
You barely miss the gnoll. Your grab misses the gnoll.
The gnoll is lightly wounded.
You block the gnoll's attack.
You bludgeon the gnoll! Your grab misses the gnoll.
The gnoll is severely wounded.
You block the gnoll's attack. The gnoll hits you with a +0 whip!
You die... .. #. #.##.### (...).# ....# ######.)# # #########'..##..# .. #..#≈....##.###)# ... ##.##≈..).##.# #$# gg..

....#≈....##.###@# .....
....#≈≈≈≈≈#....gg#....g.
.##.'#######.#.#..#
........).......#$#
.#.......###.#...... #
.#.......# #.#..##.## .#
.'...........#..# .# ..#
##.#.....#####..##.##..##
##.......# #........>..


You could see 2 gnolls.

Vanquished Creatures
  2 gnolls (D:2)
  2 dart slugs (D:1)
  A ribbon worm (D:2)
  6 goblins
  4 hobgoblins
  2 quokkas
  A ball python (D:1)
  2 bats (D:2)
  4 frilled lizards
  6 kobolds
  2 rats
32 creatures vanquished.

Notes
Turn   | Place    | Note
-------+----------+-------------------------------------------
     0 | D:1      | Sobieck the Octopode Fighter began the quest for the Orb.
     0 | D:1      | Reached XP level 1. HP: 16/16 MP: 1/1
   122 | D:1      | Reached XP level 2. HP: 17/21 MP: 2/2
   165 | D:1      | Reached skill level 1 in Stealth
   301 | D:1      | Reached XP level 3. HP: 26/26 MP: 3/3
   744 | D:2      | Reached XP level 4. HP: 31/31 MP: 4/4
   936 | D:2      | Reached skill level 3 in Unarmed Combat
   946 | D:2      | Slain by a gnoll

Illustrated notes

Levels and vault maps discovered:
D:1:      dpeg_arrival_windows_large_door, layout_loops_ring,
          corexii_item_surrounded_by_moat
D:2:      layout_basic, basic_altar, serial_rivers,
          chequers_serial_rivers_small_3, chequers_serial_rivers_micro_d,
          chequers_serial_rivers_micro_c, chequers_serial_rivers_room_a,
          st_stairs_7

Skill      XL: |  1  2  3  4 |
---------------+-------------+-----
Stealth        | 1 2 |  2.0
Unarmed Combat | 3 |  3.0
Fighting       | |  3.4
Dodging        | |  3.4
Shields        | |  3.3

Action                     |  1- 3 |  4- 6 || total
---------------------------+-------+-------++-------
  Melee: Unarmed           |    16 |    11 ||    27
         Constrict         |     6 |       ||     6
         Tentacles         |     2 |       ||     2
   Fire: Sling             |    52 |    18 ||    70
 Armour: Skin              |    11 |    10 ||    21
  Dodge: Dodged            |    13 |     3 ||    16
  Block: Buckler           |     4 |     6 ||    10

Table legend: (Time is in decaauts)
 A = Elapsed time spent in this place.
 B = Non-inter-level travel time spent in this place.
 C = Inter-level travel time spent in this place.
 D = Time resting spent in this place.
 E = Time spent auto-exploring this place.
 F = Levels seen in this place.
 G = Mean time per level.
                   A        B        C        D        E       F      G
               +--------+--------+--------+--------+--------+-----+--------+
         Total |    961 |    945 |     16 |     67 |    630 |   2 |  480.5 |
       Dungeon |    961 |    945 |     16 |     67 |    630 |   2 |  480.5 |
               +--------+--------+--------+--------+--------+-----+--------+

Top non-repeatable levels by time:
     D:1: 565 daAuts
     D:2: 396 daAuts
